 Dungeon Crawl Stone Soup version 0.20.1-1-g8b1a95d (webtiles) character file.

979 letownia2 the Reanimator (level 7, 48/57 (58) HPs)
             Began as a Deep Dwarf Necromancer on Dec 18, 2017.
             Quit the game on level 6 of the Dungeon.
             The game lasted 00:07:17 (3404 turns).

letownia2 the Reanimator (Deep Dwarf Necromancer)   Turns: 3404, Time: 00:07:18

HP:   48/57 (58)    AC:  6    Str: 12    XL:     7   Next: 96%
MP:   14/21         EV: 11    Int: 17    God:
Gold: 152           SH:  0    Dex: 13    Spells: 9/13 levels left

rFire    . . .     SeeInvis .   a - +0 war axe
rCold    . . .     Gourm    .   (no shield)
rNeg     . . .     Faith    .   j - +0 ring mail
rPois    .         Spirit   .   (no helmet)
rElec    .         Reflect  .   (no cloak)
rCorr    .         Harm     .   (no gloves)
MR       ++...                  x - +0 pair of boots
Stlth    +.........             (no amulet)
Regen    0.0/turn               u - ring of protection from magic
MPRegen  0.2/turn               q - ring of magical power

@: non-regenerating
A: damage resistance, heal wounds, sense surroundings 1, no regeneration
a: Heal Wounds


You were on level 6 of the Dungeon.
You were not hungry.

You visited 1 branch of the dungeon, and saw 6 of its levels.

You collected 152 gold pieces.

Inventory:

Hand Weapons
 a - a +0 war axe (weapon)
 r - a +0 shortbow
 y - a +0 trident
 A - a +0 shortbow
Missiles
 e - 47 bolts
 s - 60 arrows
Armour
 j - a +0 ring mail (worn)
 k - a +0 robe
 x - a +0 pair of boots (worn)
Magical Staves
 m - an uncursed staff of fire
Jewellery
 q - a ring of magical power (right hand)
 u - a ring of protection from magic (left hand)
Scrolls
 d - 8 scrolls of remove curse {unknown}
 g - a scroll of amnesia {unknown}
 i - a scroll of recharging {unknown}
 n - a scroll of blinking {unknown}
 p - 2 scrolls of identify {unknown}
 t - a scroll of silence {unknown}
Potions
 h - a potion of degeneration {unknown}
 l - a potion of curing {unknown}
 w - a potion of lignification {unknown}
 z - a potion of invisibility {unknown}
Books
 b - a book of Necromancy

   Spells                             Type                      Level
   a - Pain                           Necromancy                   1
   b - Animate Skeleton               Necromancy                   1
   c - Vampiric Draining              Necromancy                   3
   d - Regeneration                   Charms/Necromancy            3
   e - Animate Dead                   Necromancy                   4
   f - Control Undead                 Necromancy                   4
Comestibles
 c - 3 bread rations
 f - a royal jelly
 o - a meat ration
 v - 6 chunks of flesh


   Skills:
 + Level 1.7 Fighting
 - Level 2.1 Dodging
 - Level 2.4 Stealth
 + Level 3.6 Spellcasting
 - Level 9.8 Necromancy


You had 9 spell levels left.
You knew the following spells:

 Your Spells              Type           Power        Failure   Level  Hunger
a - Pain                  Necr           ####         1%          1    None
v - Vampiric Draining     Necr           #####.....   1%          3    ###....


Dungeon Overview and Level Annotations

Branches:
Dungeon (6/15)
 Temple: D:4-7

Altars:
Elyvilon

Shops:
D:6 :

Annotations:
D:5 exclusion: worm
D:6 letownia2's ghost, novice DDNe


Innate Abilities, Weirdness & Mutations

You are resistant to damage.
You can heal yourself by infusing magical energy.
You passively map a small area around you.
You do not regenerate.


Message History

You kill the bullfrog!
You feel life coursing into your body.
You see here a bullfrog corpse.
You butcher the bullfrog corpse.
v - 6 chunks of flesh (gained 2)
You see here a bullfrog skeleton.
Letownia2's ghost (novice Deep Dwarf Necromancer) comes into view.
It is wielding a weapon of venom.
You see here 2 arrows.
Letownia2's ghost is nearby!
Letownia2's ghost is nearby!
Letownia2's ghost is nearby!
Letownia2's ghost is nearby!
s - 60 arrows (gained 2)
You aren't carrying any items that you can evoke without wielding.
Unknown command.
Put on which piece of jewellery? (? for menu, Esc to quit)
Okay, then.
Wield which item (- for none, * to show all)? (? for menu, Esc to quit)
Okay, then.
Are you sure you want to abandon this character and quit the game? (Confirm with "yes".)

, ##.........# #..##.....
###.........## *#.. .....
.###......W....# .. ,#...
...............# #..
,,..........รท....# *.. #.
, *#............# * ...,
##. ##...........#
#......##.. * ##..........#
##...........
#.........@###....[........
#..###......#..............
##..#
##..............###...
#...# #............. * ###.
##..## ##............ ##
####...## ##.....#### ,,
#.......## ###..####
..######..###.....# * *
##.........# *


You could see letownia2's ghost.

Vanquished Creatures
  An ogre (D:4)
  3 centaurs
  3 bullfrogs (D:6)
  A scorpion (D:4)
  3 crimson imps
  A centaur zombie (D:6)
  A hound (D:4)
  A bullfrog skeleton (D:5)
  An orc priest (D:3)
  An iguana (D:5)
  3 worker ants
  A hound zombie (D:5)
  A hound skeleton (D:4)
  3 adders
  2 dart slugs
  3 leopard geckos
  7 orcs
  2 goblins
  3 hobgoblins
  6 jackals
  A quokka (D:4)
  2 frilled lizards
  2 kobolds
  3 rats
55 creatures vanquished.

Notes
Turn   | Place    | Note
-------+----------+-------------------------------------------
     0 | D:1      | letownia2 the Deep Dwarf Necromancer began the quest for the Orb.
     0 | D:1      | Reached XP level 1. HP: 15/15 MP: 3/3
   387 | D:3      | Noticed an orc priest
   402 | D:2      | Reached XP level 2. HP: 4/22 MP: 0/5
   866 | D:4      | Reached skill level 5 in Necromancy
   866 | D:4      | Reached XP level 3. HP: 4/28 MP: 1/6
   968 | D:4      | Learned a level 3 spell: Vampiric Draining
  1330 | D:4      | Noticed an ogre
  1369 | D:4      | Noticed a scorpion
  1379 | D:3      | Reached XP level 4. HP: 19/35 MP: 1/8
  1484 | D:4      | Reached skill level 6 in Necromancy
  1600 | D:4      | Reached XP level 5. HP: 27/41 MP: 4/9
  1682 | D:4      | Killed an ogre
  1682 | D:4      | Reached skill level 7 in Necromancy
  1801 | D:4      | Reached XP level 6. HP: 44/48 MP: 5/10
  2139 | D:5      | Entered Level 5 of the Dungeon
  2258 | D:5      | Reached skill level 8 in Necromancy
  2326 | D:5      | Found a white marble altar of Elyvilon.
  2388 | D:5      | Reached XP level 7. HP: 44/54 MP: 11/11
  2615 | D:5      | Reached skill level 9 in Necromancy
  3170 | D:6      | Found Ubauph's Book Shop.
  3265 | D:6      | Reached skill level 1 in Fighting
  3393 | D:6      | Noticed letownia2's ghost (novice DDNe)
  3404 | D:6      | Quit the game

Skill      XL: |  1  2  3  4  5  6  7 |
---------------+----------------------+-----
Spellcasting   | 2 3 |  3.6
Necromancy     | 5 6 7 8 9 |  9.8
Fighting       | 1 |  1.7
Dodging        | |  2.1
Stealth        | |  2.4

Action                   |  1- 3 |  4- 6 |  7- 9 || total
-------------------------+-------+-------+-------++-------
Melee: Unarmed           |     7 |       |       ||     7
       War axe           |     3 |    25 |    54 ||    82
 Fire: Shortbow          |       |       |    50 ||    50
 Cast: Pain              |    39 |    24 |       ||    63
       Vampiric Draining |     7 |     9 |    20 ||    36
  Eat: Chunk             |     2 |     5 |     5 ||    12
Armor: Robe              |     4 |       |       ||     4
       Ring mail         |     8 |    14 |    38 ||    60
Dodge: Dodged            |    39 |    31 |    76 ||   146
